 Dungeon Crawl Stone Soup version 0.28-a0-1159-g27aa881441 (webtiles) character file.

Game seed: 3162011443885830721

5 ders the Caller (level 1, 0/7 HPs)
             Began as a Felid Summoner on Dec 15, 2021.
             Slain by a jackal (3 damage)
             ... on level 1 of the Dungeon.
             The game lasted 00:00:27 (354 turns).

ders the Caller (Felid Summoner)                     Turns: 354, Time: 00:00:28

Health: 0/7        AC:  1    Str:  4    XL:     1   Next: 66%
Magic:  2/4        EV: 17    Int: 16    God:
Gold:   28         SH:  0    Dex: 16    Spells: 3/4 levels left
                                        Lives:  0   Deaths: 0

rFire   . . .      SeeInvis +   (weapon unavailable)
rCold   . . .      Faith    .   (shield unavailable)
rNeg    . . .      Spirit   .   (armour unavailable)
rPois   .          Reflect  .   (helmet unavailable)
rElec   .          Harm     .   (cloak unavailable)
rCorr   .          Rampage  .   (gloves unavailable)
Will    .....                   (boots unavailable)
Stlth   ++........              (no amulet)
HPRegen 0.02/turn               (no ring)
MPRegen 0.09/turn               (no ring)

@: quick
A: very small, claws 1, fangs 3, see invisible, speed 1, shaggy fur 1, stealthy
paws, no weapons or thrown items, no armour, multi-lived
a: no special abilities


You were on level 1 of the Dungeon.
You visited 1 branch of the dungeon, and saw 1 of its levels.

You collected 28 gold pieces.

Inventory:

Scrolls
 a - a scroll of amnesia {unknown}


   Skills:
 + Level 2.9 Dodging
 - Level 2.6 Stealth
 + Level 2.1 Spellcasting
 + Level 4.1 Summonings


You had 3 spell levels left.
You knew the following spells:

 Your Spells              Type           Power      Damage    Failure   Level
a - Summon Small Mammal   Summ           56%        N/A       3%          1

Your spell library contained the following spells:

 Spells                   Type           Power      Damage    Failure   Level
 Call Imp                 Summ           14%        N/A       6%          2
 Call Canine Familiar     Summ           14%        N/A       12%         3
 Summon Guardian Golem    Hex/Summ       8%         N/A       26%         3
 Summon Lightning Spire   Summ/Air       8%         N/A       65%         4


Dungeon Overview and Level Annotations

Branches:
Dungeon (1/15)

Altars:


Innate Abilities, Weirdness & Mutations

You have sharp claws.
You have razor-sharp teeth.
You have supernaturally acute eyesight. (SInv)
You cover ground quickly. (Speed+)
You are covered in fur. (AC +1)
Your paws help you pounce on unaware monsters.
You are incapable of wielding weapons or throwing items.
You cannot wear armour.
You gain extra lives every three experience levels.


Message History

Unknown command.
The jackal closely misses your quokka. Something closely misses your quokka.
Your quokka barely misses the jackal.
The jackal closely misses your quokka.
Casting: Summon Small Mammal (safe; 3% risk of failure)
Confirm with . or Enter, or press ? or * to list all spells.
The jackal barely misses you. The jackal closely misses your quokka.
Something barely misses your quokka.
Your quokka misses the jackal. The jackal barely misses you.
The jackal bites your quokka. Something barely misses your quokka.
Your quokka bites the jackal.
The jackal closely misses your quokka.
Unknown command.
Something closely misses your quokka.
Something bites your quokka but does no damage.
Your quokka bites the jackal.
The jackal dies!
Something bites your quokka.
Your quokka dies!
Your quokka's corpse disappears in a puff of smoke!
You scratch the jackal.
The jackal is lightly wounded.
Your rat closely misses the jackal.
The jackal bites you but does no damage.
You barely miss the jackal.
The jackal is lightly wounded.
The jackal closely misses you.
The giant cockroach barely misses your rat.
Your rat barely misses the jackal.
The jackal bites you.
You completely miss the jackal.
The jackal is lightly wounded.
The giant cockroach closely misses your rat.
Your rat closely misses the jackal.
The jackal barely misses you.
The giant cockroach barely misses your rat.
The jackal closely misses you.
Your rat bites the jackal.
The giant cockroach bites your rat.
Your rat dies!
Your rat's corpse disappears in a puff of smoke!
Casting: Summon Small Mammal (safe; 3% risk of failure)
Confirm with . or Enter, or press ? or * to list all spells.
The jackal bites you.
You die...

#### ...##########
#..........#
#.#........(.#
#.#..........#
#.##...r.....####
#.#....#..###...
#.#.##.#@hB.#.#
#.#.##....#h§.#
#######.#.#######†###
#.....)...# #Kh......
#.#####.### #.......>
#.....# #........
#####.##### .........
..#.....# .........
#.....#.# ##.......


You could see 2 jackals, a giant cockroach and a friendly quokka (summoned).

Vanquished Creatures (collateral kills)
  A giant cockroach (D:1)
  A goblin (D:1)
  A jackal (D:1)
  A bat (D:1)
  A rat (D:1)
5 creatures vanquished.

Notes
Turn   | Place    | Note
-------+----------+-------------------------------------------
     0 | D:1      | ders the Felid Summoner began the quest for the Orb.
     0 | D:1      | Reached XP level 1. HP: 7/7 MP: 4/4
   354 | D:1      | Slain by a jackal

Illustrated notes

Levels and vault maps discovered:
D:1:      dpeg_arrival_rooms_with_view, layout_basic, minmay_bisected

Action                   || total
-------------------------++-------
Melee: Unarmed           ||    11
       Bite              ||     1
 Cast: Summon Small Mamm ||    11
Armor: Skin              ||     1
Dodge: Dodged            ||    12

Table legend: (Time is in decaauts)
 A = Elapsed time spent in this place.
 B = Non-inter-level travel time spent in this place.
 C = Inter-level travel time spent in this place.
 D = Time resting spent in this place.
 E = Time spent auto-exploring this place.
 F = Levels seen in this place.
 G = Mean time per level.
                   A        B        C        D        E       F      G
               +--------+--------+--------+--------+--------+-----+--------+
         Total |    319 |    319 |      0 |     12 |    240 |   1 |  319.0 |
       Dungeon |    319 |    319 |      0 |     12 |    240 |   1 |  319.0 |
               +--------+--------+--------+--------+--------+-----+--------+

Top non-repeatable levels by time:
     D:1: 319 daAuts
